EDMONTON vs LOS ANGELES

Created - July 13, 2021 at 12:57

Goals
1 2 3 OT1 T
EDMONTON 1 1 1 0 3
LOS ANGELES 1 2 0 1 4
Shots
1 2 3 OT1 T
EDMONTON 17 14 12 0 43
LOS ANGELES 9 13 12 2 36

1st period

1. EDMONTON , Derek Ryan 2 (Craig Smith 4, Vincent Hinostroza 3) at 0:54
2. LOS ANGELES , Ryan McDonagh 1 (Vladislav Namestnikov 5, Kris Letang 9) at 6:49

Penalties :
Mike Hoffman (LOS) for Hooking (Minor) at 12:09, Zdeno Chara (LOS) for Holding (Minor) at 15:14

2nd period

3. EDMONTON , Derek Ryan 3 (Craig Smith 5, Vincent Hinostroza 4) at 2:07
4. LOS ANGELES , Ryan McDonagh 2 (Mike Hoffman 6, Kris Letang 10) at 4:44
5. LOS ANGELES , Mike Hoffman 5 (Jonathan Toews 8) at 7:57

Penalties :
David Perron (EDM) for Hooking (Minor) at 15:02, Alex Goligoski (LOS) for Hooking (Minor) at 18:53

3rd period

6. EDMONTON , Jakub Voracek 3 (Anze Kopitar 6) at 3:51 (PP)

Penalties :
Nick Cousins (LOS) for Holding (Minor) at 1:57, Mike Hoffman (LOS) for Tripping (Minor) at 6:42, Derek Forbort (EDM) for Hooking (Minor) at 18:04

Overtime #1

7. LOS ANGELES , Mika Zibanejad 7 (Tyler Seguin 10, Matthew Tkachuk 5) at 1:11 (PP)

Penalties :
Carson Soucy (EDM) for Tripping (Minor) at 0:28

Goalie Stats

Darcy Kuemper (EDM), 32 saves from 36 shots - (0.889), OTL, 7-3-1, 61:12 minutes
Antti Raanta (LOS), 40 saves from 43 shots - (0.930), W, 8-4-2, 61:12 minutes

Players Stats for EDMONTON

Player Name              G  A  P  +/- PIM S  H  SB GA TA FO     MP     PP MP  PK MP  
------------------------------------------------------------------------------------
Anze Kopitar             0  1  1   0  0   2  2  0  0  0  23/38  24:21   5:15   2:43 
Carson Soucy             0  0  0   2  2   0  1  1  0  0  0/0    13:48   0:00   0:26 
Craig Smith              0  2  2   1  0   1  0  0  0  0  0/0    11:56   0:00   0:00 
Darren Helm              0  0  0   0  0   3  0  0  0  0  0/0     5:38   0:00   0:45 
David Perron             0  0  0  -2  2   6  0  0  0  0  0/0    18:03   4:35   0:00 
Derek Forbort            0  0  0  -1  2   1  0  2  0  0  0/0    16:56   0:00   0:00 
Derek Ryan               2  0  2   1  0   5  0  0  0  0  3/18   13:41   0:00   1:45 
Jakub Voracek            1  0  1   0  0   3  0  0  0  0  0/1    21:51   5:15   0:13 
Jason Demers             0  0  0  -1  0   1  1  1  0  0  0/0    22:15   5:04   1:32 
Josh Archibald           0  0  0   0  0   2  0  0  0  0  1/2     8:18   0:00   3:25 
Justin Holl              0  0  0   2  0   1  1  2  0  0  0/0    19:07   5:04   1:58 
Kyle Palmieri            0  0  0  -2  0   3  2  1  0  0  1/1    18:04   4:35   0:00 
Mathieu Perreault        0  0  0   0  0   0  0  0  0  0  5/9     4:53   0:00   0:00 
Oliver Ekman-Larsson     0  0  0  -2  0   3  5  0  0  0  0/0    25:08   4:46   2:43 
Phil Kessel              0  0  0   0  0   2  1  0  0  0  2/3    21:38   5:15   0:00 
Travis Hamonic           0  0  0  -2  0   3  0  2  0  0  0/0    25:08   4:46   2:43 
Tyler Johnson            0  0  0  -2  0   2  0  0  0  0  9/29   18:04   4:35   0:00 
Vincent Hinostroza       0  2  2   1  0   5  1  1  0  0  1/1    12:27   0:00   0:31 

Players Stats for LOS ANGELES

Player Name              G  A  P  +/- PIM S  H  SB GA TA FO     MP     PP MP  PK MP  
------------------------------------------------------------------------------------
Alex Goligoski           0  0  0   0  2   2  0  0  0  0  0/0    20:24   1:37   4:21 
Artem Anisimov           0  0  0   1  0   3  0  0  0  0  1/2    11:59   0:00   0:00 
Gabriel Bourque          0  0  0   0  0   0  1  0  0  0  0/0     6:42   0:00   0:00 
Johnny Boychuk           0  0  0   0  0   0  0  0  0  0  0/0    12:53   0:00   0:00 
Jonathan Toews           0  1  1   1  0   1  3  0  0  0  15/26  21:19   1:57   6:46 
Josh Manson              0  0  0   0  0   0  2  1  0  0  0/0    14:20   0:00   1:27 
Kris Letang              0  2  2   1  0   3  0  3  0  0  0/0    27:15   3:04   4:50 
Matthew Tkachuk          0  1  1  -1  0   1  1  0  0  0  2/2    18:08   2:44   0:00 
Mika Zibanejad           1  0  1  -1  0   6  2  0  0  0  25/42  24:31   2:44   6:23 
Mike Hoffman             1  1  2   1  4   5  2  0  0  0  0/0    15:54   1:57   1:23 
Nick Bonino              0  0  0   1  0   2  0  1  0  0  1/1    14:33   1:57   0:00 
Nick Cousins             0  0  0   0  2   1  0  0  0  0  0/1     8:29   0:00   1:48 
Riley Nash               0  0  0   0  0   1  0  0  0  0  5/9     6:42   0:00   0:00 
Ryan McDonagh            2  0  2   1  0   2  0  3  0  0  0/0    24:45   3:04   4:50 
Tim Heed                 0  0  0   0  0   0  0  0  0  0  0/0     0:01   0:00   0:01 
Travis Zajac             0  0  0   1  0   2  1  1  0  0  6/14   12:37   0:00   0:38 
Tyler Seguin             0  1  1  -1  0   3  2  1  0  0  2/4    20:50   2:44   2:42 
Vladislav Namestnikov    0  1  1   1  0   2  0  0  0  0  0/1    11:59   0:00   0:00 
Zdeno Chara              0  0  0   0  2   2  5  5  0  0  0/0    22:44   1:37   4:11 

3 Stars

1 - Ryan McDonagh (LOS)
2 - Derek Ryan (EDM)
3 - Kris Letang (LOS)

Power Play

EDMONTON - 1 on 5 Attempt(s) - 20.00%
LOS ANGELES - 1 on 3 Attempt(s) - 33.33%

Penalty Kill

EDMONTON - 2 on 3 Attempt(s) - 66.67% - Score 0 goal in Penalty Kill
LOS ANGELES - 4 on 5 Attempt(s) - 80.00% - Score 0 goal in Penalty Kill

Team Stat

EDMONTON - Hits : 14 - Faceoff Wins : 45 - Blocked Shots : 10 - Penalty Minutes : 6
LOS ANGELES - Hits : 19 - Faceoff Wins : 57 - Blocked Shots : 15 - Penalty Minutes : 10

Official

Referees : Brandon Schrader and Dwayne Mackey
Linesman : David Brisebois and Justin Cornell

Game Notes

No Game Note

Finance

Level 1 -- Attendance: 5841 (97.35%) -- Ticket Income $584,100
Level 2 -- Attendance: 4961 (99.22%) -- Ticket Income $297,660
Level 3 -- Attendance: 2000 (100.00%) -- Ticket Income $70,000
Level 4 -- Attendance: 4000 (100.00%) -- Ticket Income $80,000
Luxury Box -- Attendance: 952 (95.20%) -- Ticket Income $190,400
Game was played at the Staples Center.
Total Attendance: 17754 (98.63%)
Total Ticket Income: $1,222,160
Total Income: $1,222,160

EDMONTON

5 vs 5 Forward 
   Center                   Left Wing                Right Wing               Time % Phy DF OF 
 1 Anze Kopitar             Jakub Voracek            Phil Kessel              35     1   2  2  
 2 Tyler Johnson            David Perron             Kyle Palmieri            30     1   2  2  
 3 Derek Ryan               Vincent Hinostroza       Craig Smith              25     1   2  2  
 4 Mathieu Perreault        Darren Helm              Josh Archibald           10     1   2  2  

5 vs 5 Defense 
   Defense                  Defense                                           Time % Phy DF OF 
 1 Oliver Ekman-Larsson     Travis Hamonic                                    35     1   2  2  
 2 Jason Demers             Derek Forbort                                     30     1   2  2  
 3 Justin Holl              Carson Soucy                                      25     1   2  2  
 4 Oliver Ekman-Larsson     Travis Hamonic                                    10     1   2  2  

PowerPlay Forward 
   Center                   Left Wing                Right Wing               Time % Phy DF OF 
 1 Anze Kopitar             Jakub Voracek            Phil Kessel              60     1   2  2  
 2 Tyler Johnson            David Perron             Kyle Palmieri            40     1   2  2  

PowerPlay Defense
   Defense                  Defense                                           Time % Phy DF OF 
 1 Oliver Ekman-Larsson     Travis Hamonic                                    60     1   2  2  
 2 Jason Demers             Justin Holl                                       40     1   2  2  

Penalty Kill 4 Players Forward 
   Center                   Wing                     Time % Phy DF OF 
 1 Anze Kopitar             Josh Archibald           60     1   2  2  
 2 Derek Ryan               Vincent Hinostroza       40     1   2  2  

Penalty Kill 4 Players Defense
   Defense                  Defense                  Time % Phy DF OF 
 1 Oliver Ekman-Larsson     Travis Hamonic           60     1   2  2  
 2 Jason Demers             Justin Holl              40     1   2  2  

Penalty Kill - 3 Players Forward 
   Forward                                           Time % Phy DF OF 
 1 Anze Kopitar                                      60     1   2  2  
 2 Derek Ryan                                        40     1   2  2  

Penalty Kill - 3 Players Defense
   Defense                  Defense                  Time % Phy DF OF 
 1 Oliver Ekman-Larsson     Travis Hamonic           60     1   2  2  
 2 Justin Holl              Derek Forbort            40     1   2  2  

4 vs 4 Forward 
   Center                   Wing                     Time % Phy DF OF 
 1 Anze Kopitar             Jakub Voracek            60     1   2  2  
 2 Phil Kessel              David Perron             40     1   2  2  

4 vs 4 Defense
   Defense                  Defense                  Time % Phy DF OF 
 1 Oliver Ekman-Larsson     Justin Holl              60     1   2  2  
 2 Jason Demers             Derek Forbort            40     1   2  2  

Last Minutes Offensive
   Center                   Left Wing                Right Wing               Defense                  Defense                  
   Anze Kopitar             Jakub Voracek            Phil Kessel              Oliver Ekman-Larsson     Travis Hamonic           

Last Minutes Defensive
   Center                   Left Wing                Right Wing               Defense                  Defense                  
   Anze Kopitar             Jakub Voracek            Phil Kessel              Oliver Ekman-Larsson     Travis Hamonic           

Goaltenders
Starting : Darcy Kuemper            
Backup : Henrik Lundqvist         

Extra Forwards
Normal : Vincent Hinostroza, Craig Smith, Derek Ryan - PP : Tyler Johnson, Craig Smith - PK : Derek Ryan
Extra Defensemen
Normal : Justin Holl, Carson Soucy, Jason Demers - PP : Justin Holl - PK : Carson Soucy, Jason Demers
Penalty Shots
Anze Kopitar, Jakub Voracek, Phil Kessel, David Perron, Kyle Palmieri

Scratches
EDM Cap Hit (Suspend), Martin Marincin (Healthy)

LOS ANGELES

5 vs 5 Forward 
   Center                   Left Wing                Right Wing               Time % Phy DF OF 
 1 Mika Zibanejad           Tyler Seguin             Matthew Tkachuk          35     1   2  2  
 2 Jonathan Toews           Nick Bonino              Mike Hoffman             30     1   2  2  
 3 Travis Zajac             Vladislav Namestnikov    Artem Anisimov           25     1   2  2  
 4 Riley Nash               Nick Cousins             Gabriel Bourque          10     1   2  2  

5 vs 5 Defense 
   Defense                  Defense                                           Time % Phy DF OF 
 1 Kris Letang              Ryan McDonagh                                     35     1   2  2  
 2 Zdeno Chara              Alex Goligoski                                    30     1   2  2  
 3 Johnny Boychuk           Josh Manson                                       25     1   2  2  
 4 Zdeno Chara              Kris Letang                                       10     1   2  2  

PowerPlay Forward 
   Center                   Left Wing                Right Wing               Time % Phy DF OF 
 1 Mika Zibanejad           Tyler Seguin             Matthew Tkachuk          60     1   2  2  
 2 Jonathan Toews           Nick Bonino              Mike Hoffman             40     1   2  2  

PowerPlay Defense
   Defense                  Defense                                           Time % Phy DF OF 
 1 Kris Letang              Ryan McDonagh                                     60     1   2  2  
 2 Zdeno Chara              Alex Goligoski                                    40     1   2  2  

Penalty Kill 4 Players Forward 
   Center                   Wing                     Time % Phy DF OF 
 1 Mika Zibanejad           Jonathan Toews           60     1   2  2  
 2 Tyler Seguin             Mike Hoffman             40     1   2  2  

Penalty Kill 4 Players Defense
   Defense                  Defense                  Time % Phy DF OF 
 1 Kris Letang              Ryan McDonagh            60     1   2  2  
 2 Zdeno Chara              Alex Goligoski           40     1   2  2  

Penalty Kill - 3 Players Forward 
   Forward                                           Time % Phy DF OF 
 1 Mika Zibanejad                                    60     1   2  2  
 2 Jonathan Toews                                    40     1   2  2  

Penalty Kill - 3 Players Defense
   Defense                  Defense                  Time % Phy DF OF 
 1 Kris Letang              Ryan McDonagh            60     1   2  2  
 2 Zdeno Chara              Alex Goligoski           40     1   2  2  

4 vs 4 Forward 
   Center                   Wing                     Time % Phy DF OF 
 1 Mika Zibanejad           Jonathan Toews           60     1   2  2  
 2 Tyler Seguin             Matthew Tkachuk          40     1   2  2  

4 vs 4 Defense
   Defense                  Defense                  Time % Phy DF OF 
 1 Kris Letang              Ryan McDonagh            60     1   2  2  
 2 Zdeno Chara              Alex Goligoski           40     1   2  2  

Last Minutes Offensive
   Center                   Left Wing                Right Wing               Defense                  Defense                  
   Mika Zibanejad           Tyler Seguin             Mike Hoffman             Kris Letang              Ryan McDonagh            

Last Minutes Defensive
   Center                   Left Wing                Right Wing               Defense                  Defense                  
   Mika Zibanejad           Tyler Seguin             Mike Hoffman             Kris Letang              Ryan McDonagh            

Goaltenders
Starting : Antti Raanta             
Backup : Devin Williams           

Extra Forwards
Normal : Vladislav Namestnikov, Artem Anisimov, Nick Cousins - PP : Vladislav Namestnikov, Artem Anisimov - PK : Nick Cousins
Extra Defensemen
Normal : Johnny Boychuk, Josh Manson, Tim Heed - PP : Johnny Boychuk - PK : Josh Manson, Tim Heed
Penalty Shots
Mika Zibanejad, Jonathan Toews, Tyler Seguin, Mike Hoffman, Nick Bonino

Scratches
Valentin Zykov (Healthy), Jaroslav Halak (Healthy)

% Time on Ice - EDMONTON

Lines # - Real PCT - Wanted PCT - Time Play
Normal Forward
1 - 35% - 35% - 16:23
2 - 29% - 30% - 13:29
3 - 26% - 25% - 11:56
4 - 10% - 10% - 4:53
Normal Defense
1 - 34% - 35% - 15:47
2 - 34% - 30% - 15:49
3 - 28% - 25% - 13:13
4 - 4% - 10% - 1:52
PP Forward
1 - 53% - 60% - 5:15
2 - 47% - 40% - 4:35
PP Defense
1 - 48% - 60% - 4:46
2 - 52% - 40% - 5:04
PK Forward
1 - 89% - 60% - 4:10
2 - 11% - 40% - 0:31
PK Defense
1 - 58% - 60% - 2:43
2 - 42% - 40% - 1:58
PK3 Forward
1 - 0% - 60%
2 - 0% - 40%
PK3 Defense
1 - 0% - 60%
2 - 0% - 40%
44 Forward
1 - 0% - 60%
2 - 0% - 40%
44 Defense
1 - 0% - 60%
2 - 0% - 40%
Last Minute Offensive  - 0:00
Last Minute Defensive  - 0:00
Total
Forward - 61:12
Defense - 61:12

% Time on Ice - LOS ANGELES

Lines # - Real PCT - Wanted PCT - Time Play
Normal Forward
1 - 33% - 35% - 15:24
2 - 27% - 30% - 12:36
3 - 26% - 25% - 11:59
4 - 14% - 10% - 6:42
Normal Defense
1 - 36% - 35% - 16:51
2 - 31% - 30% - 14:27
3 - 28% - 25% - 12:53
4 - 5% - 10% - 2:30
PP Forward
1 - 58% - 60% - 2:44
2 - 42% - 40% - 1:57
PP Defense
1 - 65% - 60% - 3:04
2 - 35% - 40% - 1:37
PK Forward
1 - 73% - 60% - 7:08
2 - 27% - 40% - 2:42
PK Defense
1 - 49% - 60% - 4:50
2 - 51% - 40% - 5:00
PK3 Forward
1 - 0% - 60%
2 - 0% - 40%
PK3 Defense
1 - 0% - 60%
2 - 0% - 40%
44 Forward
1 - 0% - 60%
2 - 0% - 40%
44 Defense
1 - 0% - 60%
2 - 0% - 40%
Last Minute Offensive  - 0:00
Last Minute Defensive  - 0:00
Total
Forward - 61:12
Defense - 61:12

Play-by-Play

1st period


0:01 of 1st period - Anze Kopitar wins face-off versus Mika Zibanejad in neutral zone.
0:29 of 1st period - Icing by Kris Letang.
0:30 of 1st period - Mika Zibanejad wins face-off versus Tyler Johnson in LOS ANGELES zone.
0:32 of 1st period - Icing by Tyler Seguin.
0:33 of 1st period - Mika Zibanejad wins face-off versus Derek Ryan in LOS ANGELES zone.
0:54 of 1st period - Shot by Derek Ryan.
0:54 of 1st period - Goal by Derek Ryan - EDMONTON : 1 - LOS ANGELES : 0.
0:55 of 1st period - Tyler Johnson wins face-off versus Jonathan Toews in neutral zone.
0:58 of 1st period - Shot by David Perron.
0:58 of 1st period - Stopped by Antti Raanta without a rebound.
0:59 of 1st period - Travis Zajac wins face-off versus Tyler Johnson in LOS ANGELES zone.
0:59 of 1st period - Travis Zajac is hit by Kyle Palmieri.
1:13 of 1st period - Shot by Vladislav Namestnikov.
1:13 of 1st period - Deflect By Artem Anisimov.
1:13 of 1st period - Stopped by Darcy Kuemper without a rebound.
1:14 of 1st period - Mathieu Perreault wins face-off versus Jonathan Toews in EDMONTON zone.
1:31 of 1st period - Jonathan Toews is hit by Oliver Ekman-Larsson and loses puck.
1:42 of 1st period - Shot by Nick Bonino.
1:42 of 1st period - Shot Misses the Net.
1:44 of 1st period - Shot by Nick Bonino.
1:44 of 1st period - Shot Misses the Net.
1:46 of 1st period - Shot by Zdeno Chara.
1:46 of 1st period - Stopped by Darcy Kuemper without a rebound.
1:47 of 1st period - Artem Anisimov wins face-off versus Tyler Johnson in EDMONTON zone.
1:50 of 1st period - Shot by Vladislav Namestnikov.
1:50 of 1st period - Stopped by Darcy Kuemper without a rebound.
1:51 of 1st period - Phil Kessel wins face-off versus Riley Nash in EDMONTON zone.
2:55 of 1st period - Icing by Travis Hamonic.
2:56 of 1st period - Travis Zajac wins face-off versus Tyler Johnson in EDMONTON zone.
3:10 of 1st period - Shot by Kyle Palmieri.
3:10 of 1st period - Shot Blocked by Zdeno Chara.
3:16 of 1st period - Shot by David Perron.
3:16 of 1st period - Deflect By Tyler Johnson.
3:16 of 1st period - Stopped by Antti Raanta without a rebound.
3:17 of 1st period - Jonathan Toews wins face-off versus Derek Ryan in LOS ANGELES zone.
3:49 of 1st period - Shot by Mike Hoffman.
3:49 of 1st period - Shot Misses the Net.
3:51 of 1st period - Shot by Mike Hoffman.
3:51 of 1st period - Deflect By Jonathan Toews.
3:51 of 1st period - Shot Blocked by Justin Holl.
4:49 of 1st period - Off-side.
4:50 of 1st period - Travis Zajac wins face-off versus Anze Kopitar in neutral zone.
5:13 of 1st period - Shot by Anze Kopitar.
5:13 of 1st period - Shot Blocked by Travis Zajac.
5:26 of 1st period - Shot by Vladislav Namestnikov.
5:26 of 1st period - Stopped by Darcy Kuemper without a rebound.
5:27 of 1st period - Jonathan Toews wins face-off versus Mathieu Perreault in EDMONTON zone.
5:31 of 1st period - Icing by Oliver Ekman-Larsson.
5:32 of 1st period - Mathieu Perreault wins face-off versus Jonathan Toews in EDMONTON zone.
5:32 of 1st period - Darren Helm is hit by Jonathan Toews and loses puck.
5:45 of 1st period - Shot by Josh Archibald.
5:45 of 1st period - Shot Blocked by Nick Bonino.
6:07 of 1st period - Shot by Darren Helm.
6:07 of 1st period - Stopped by Antti Raanta without a rebound.
6:08 of 1st period - Mika Zibanejad wins face-off versus Derek Ryan in LOS ANGELES zone.
6:12 of 1st period - Tyler Seguin is hit by Justin Holl and loses puck.
6:18 of 1st period - Derek Ryan is hit by Josh Manson and loses puck.
6:23 of 1st period - Shot by Vincent Hinostroza.
6:23 of 1st period - Stopped by Antti Raanta without a rebound.
6:24 of 1st period - Tyler Johnson wins face-off versus Travis Zajac in LOS ANGELES zone.
6:35 of 1st period - Shot by Kyle Palmieri.
6:35 of 1st period - Stopped by Antti Raanta with a rebound.
6:42 of 1st period - Kris Letang is hit by Jason Demers and loses puck.
6:47 of 1st period - Shot by Vladislav Namestnikov.
6:47 of 1st period - Shot Misses the Net.
6:49 of 1st period - Shot by Ryan McDonagh.
6:49 of 1st period - The goal is going for a video replay.
6:49 of 1st period - The goal is good.
6:49 of 1st period - Goal by Ryan McDonagh - EDMONTON : 1 - LOS ANGELES : 1.
6:50 of 1st period - Anze Kopitar wins face-off versus Mika Zibanejad in neutral zone.
6:50 of 1st period - Anze Kopitar is hit by Mika Zibanejad.
7:19 of 1st period - Icing by Alex Goligoski.
7:20 of 1st period - Mika Zibanejad wins face-off versus Derek Ryan in LOS ANGELES zone.
7:58 of 1st period - Shot by Craig Smith.
7:58 of 1st period - Shot Blocked by Tyler Seguin.
9:08 of 1st period - Jonathan Toews is hit by Phil Kessel and loses puck.
9:47 of 1st period - Icing by Ryan McDonagh.
9:48 of 1st period - Jonathan Toews wins face-off versus Derek Ryan in LOS ANGELES zone.
10:05 of 1st period - Shot by Vincent Hinostroza.
10:05 of 1st period - Shot Blocked by Josh Manson.
10:11 of 1st period - Shot by Vincent Hinostroza.
10:11 of 1st period - Stopped by Antti Raanta without a rebound.
10:12 of 1st period - Josh Archibald wins face-off versus Riley Nash in LOS ANGELES zone.
10:21 of 1st period - Shot by Josh Archibald.
10:21 of 1st period - Stopped by Antti Raanta with a rebound.
10:25 of 1st period - Shot by Darren Helm.
10:25 of 1st period - Stopped by Antti Raanta without a rebound.
10:26 of 1st period - Tyler Johnson wins face-off versus Travis Zajac in LOS ANGELES zone.
10:33 of 1st period - Shot by Kyle Palmieri.
10:33 of 1st period - Stopped by Antti Raanta with a rebound.
10:47 of 1st period - Shot by David Perron.
10:47 of 1st period - Shot Misses the Net.
10:58 of 1st period - Icing by Artem Anisimov.
10:59 of 1st period - Travis Zajac wins face-off versus Phil Kessel in LOS ANGELES zone.
10:59 of 1st period - Travis Zajac is hit by Anze Kopitar.
12:04 of 1st period - Derek Forbort is hit by Mike Hoffman.
12:09 of 1st period - Minor Penalty to Mike Hoffman for Hooking.
12:10 of 1st period - Mika Zibanejad wins face-off versus Tyler Johnson in LOS ANGELES zone.
13:29 of 1st period - Shot by Jakub Voracek.
13:29 of 1st period - Shot Blocked by Ryan McDonagh.
13:53 of 1st period - Shot by Mika Zibanejad.
13:53 of 1st period - Shot Misses the Net.
13:55 of 1st period - Shot by Mika Zibanejad.
13:55 of 1st period - Stopped by Darcy Kuemper without a rebound.
13:56 of 1st period - Mika Zibanejad wins face-off versus Tyler Johnson in EDMONTON zone.
14:09 of 1st period - Shot by David Perron.
14:09 of 1st period - Deflect By Derek Ryan.
14:09 of 1st period - Stopped by Antti Raanta with a rebound.
14:11 of 1st period - Shot by Derek Ryan.
14:11 of 1st period - Stopped by Antti Raanta without a rebound.
14:12 of 1st period - Travis Zajac wins face-off versus Derek Ryan in LOS ANGELES zone.
14:25 of 1st period - Shot by Vladislav Namestnikov.
14:25 of 1st period - Deflect By Artem Anisimov.
14:25 of 1st period - Stopped by Darcy Kuemper without a rebound.
14:26 of 1st period - Mathieu Perreault wins face-off versus Riley Nash in EDMONTON zone.
14:37 of 1st period - Shot by Josh Archibald.
14:37 of 1st period - Stopped by Antti Raanta without a rebound.
14:38 of 1st period - Matthew Tkachuk wins face-off versus Tyler Johnson in LOS ANGELES zone.
14:58 of 1st period - Shot by Kris Letang.
14:58 of 1st period - Stopped by Darcy Kuemper without a rebound.
14:59 of 1st period - Anze Kopitar wins face-off versus Jonathan Toews in EDMONTON zone.
15:14 of 1st period - Minor Penalty to Zdeno Chara for Holding.
15:15 of 1st period - Tyler Johnson wins face-off versus Mika Zibanejad in LOS ANGELES zone.
15:16 of 1st period - Shot by Oliver Ekman-Larsson.
15:16 of 1st period - Stopped by Antti Raanta with a rebound.
15:18 of 1st period - Shot by Travis Hamonic.
15:18 of 1st period - Stopped by Antti Raanta without a rebound.
15:19 of 1st period - Mika Zibanejad wins face-off versus Anze Kopitar in LOS ANGELES zone.
15:50 of 1st period - Phil Kessel is hit by Mika Zibanejad and loses puck.
15:54 of 1st period - Icing by Oliver Ekman-Larsson.
15:55 of 1st period - Anze Kopitar wins face-off versus Mika Zibanejad in EDMONTON zone.
15:55 of 1st period - Anze Kopitar is hit by Jonathan Toews.
17:34 of 1st period - Shot by Vincent Hinostroza.
17:34 of 1st period - Deflect By Derek Ryan.
17:34 of 1st period - Stopped by Antti Raanta with a rebound.
17:47 of 1st period - Shot by Vincent Hinostroza.
17:47 of 1st period - Shot Misses the Net.
17:49 of 1st period - Shot by Craig Smith.
17:49 of 1st period - Deflect By Vincent Hinostroza.
17:49 of 1st period - Shot Misses the Net.
17:51 of 1st period - Shot by Vincent Hinostroza.
17:51 of 1st period - Stopped by Antti Raanta without a rebound.
17:52 of 1st period - Riley Nash wins face-off versus Josh Archibald in LOS ANGELES zone.
17:59 of 1st period - Shot by Riley Nash.
17:59 of 1st period - Stopped by Darcy Kuemper without a rebound.
18:00 of 1st period - Riley Nash wins face-off versus Mathieu Perreault in EDMONTON zone.
18:18 of 1st period - Shot by Nick Cousins.
18:18 of 1st period - Shot Misses the Net.
18:47 of 1st period - Off-side.
18:48 of 1st period - Kyle Palmieri wins face-off versus Mika Zibanejad in neutral zone.
18:54 of 1st period - Icing by Tyler Seguin.
18:55 of 1st period - Anze Kopitar wins face-off versus Mika Zibanejad in LOS ANGELES zone.
18:55 of 1st period - Phil Kessel is hit by Zdeno Chara and loses puck.
19:16 of 1st period - Phil Kessel is hit by Zdeno Chara.
Goals for this period are 1 for EDMONTON vs 1 for LOS ANGELES.
Shots for this period are 17 for EDMONTON vs 9 for LOS ANGELES.

2nd period


0:01 of 2nd period - Mika Zibanejad wins face-off versus Tyler Johnson in neutral zone.
0:26 of 2nd period - Travis Hamonic is hit by Matthew Tkachuk and loses puck.
2:03 of 2nd period - Shot by Derek Ryan.
2:03 of 2nd period - Deflect By Craig Smith.
2:03 of 2nd period - Shot Blocked by Zdeno Chara.
2:05 of 2nd period - Shot by Craig Smith.
2:05 of 2nd period - Stopped by Antti Raanta with a rebound.
2:07 of 2nd period - Shot by Derek Ryan.
2:07 of 2nd period - Goal by Derek Ryan - EDMONTON : 2 - LOS ANGELES : 1.
2:08 of 2nd period - Mathieu Perreault wins face-off versus Travis Zajac in neutral zone.
3:19 of 2nd period - Shot by Kyle Palmieri.
3:19 of 2nd period - Shot Misses the Net.
3:23 of 2nd period - Shot by David Perron.
3:23 of 2nd period - Shot Misses the Net.
4:01 of 2nd period - Off-side.
4:02 of 2nd period - Jonathan Toews wins face-off versus Anze Kopitar in neutral zone.
4:08 of 2nd period - Icing by Derek Forbort.
4:09 of 2nd period - Mika Zibanejad wins face-off versus Anze Kopitar in EDMONTON zone.
4:18 of 2nd period - Shot by Phil Kessel.
4:18 of 2nd period - Stopped by Antti Raanta without a rebound.
4:19 of 2nd period - Vincent Hinostroza wins face-off versus Jonathan Toews in LOS ANGELES zone.
4:42 of 2nd period - Shot by Mike Hoffman.
4:42 of 2nd period - Shot Misses the Net.
4:44 of 2nd period - Shot by Ryan McDonagh.
4:44 of 2nd period - Goal by Ryan McDonagh - EDMONTON : 2 - LOS ANGELES : 2.
4:45 of 2nd period - Mika Zibanejad wins face-off versus Tyler Johnson in neutral zone.
4:59 of 2nd period - Shot by David Perron.
4:59 of 2nd period - Stopped by Antti Raanta without a rebound.
5:00 of 2nd period - Anze Kopitar wins face-off versus Travis Zajac in LOS ANGELES zone.
5:25 of 2nd period - Shot by Phil Kessel.
5:25 of 2nd period - Shot Blocked by Zdeno Chara.
5:56 of 2nd period - Kyle Palmieri is hit by Zdeno Chara and loses puck.
6:01 of 2nd period - Shot by Kyle Palmieri.
6:01 of 2nd period - Stopped by Antti Raanta without a rebound.
6:02 of 2nd period - Matthew Tkachuk wins face-off versus Derek Ryan in LOS ANGELES zone.
6:37 of 2nd period - Vincent Hinostroza is hit by Tyler Seguin and loses puck.
6:43 of 2nd period - Icing by Vincent Hinostroza.
6:44 of 2nd period - Jonathan Toews wins face-off versus Derek Ryan in EDMONTON zone.
6:52 of 2nd period - Shot by Nick Bonino.
6:52 of 2nd period - Shot Misses the Net.
7:11 of 2nd period - Off-side.
7:12 of 2nd period - Tyler Johnson wins face-off versus Riley Nash in neutral zone.
7:21 of 2nd period - Shot by Tyler Johnson.
7:21 of 2nd period - Shot Misses the Net.
7:23 of 2nd period - Shot by Travis Hamonic.
7:23 of 2nd period - Shot Misses the Net.
7:25 of 2nd period - Shot by Travis Hamonic.
7:25 of 2nd period - Shot Blocked by Zdeno Chara.
7:27 of 2nd period - Shot by Travis Hamonic.
7:27 of 2nd period - Stopped by Antti Raanta without a rebound.
7:28 of 2nd period - Mika Zibanejad wins face-off versus Anze Kopitar in LOS ANGELES zone.
7:53 of 2nd period - Shot by Kris Letang.
7:53 of 2nd period - Shot Misses the Net.
7:55 of 2nd period - Shot by Tyler Seguin.
7:55 of 2nd period - Stopped by Darcy Kuemper without a rebound.
7:56 of 2nd period - Jonathan Toews wins face-off versus Tyler Johnson in EDMONTON zone.
7:57 of 2nd period - Shot by Mike Hoffman.
7:57 of 2nd period - Goal by Mike Hoffman - EDMONTON : 2 - LOS ANGELES : 3.
7:58 of 2nd period - Jonathan Toews wins face-off versus Tyler Johnson in neutral zone.
8:25 of 2nd period - Shot by Jonathan Toews.
8:25 of 2nd period - Stopped by Darcy Kuemper with a rebound.
8:27 of 2nd period - Shot by Alex Goligoski.
8:27 of 2nd period - Shot Misses the Net.
8:29 of 2nd period - Shot by Mike Hoffman.
8:29 of 2nd period - Deflect By Jonathan Toews.
8:29 of 2nd period - Shot Misses the Net.
8:31 of 2nd period - Shot by Zdeno Chara.
8:31 of 2nd period - Stopped by Darcy Kuemper without a rebound.
8:32 of 2nd period - Anze Kopitar wins face-off versus Mika Zibanejad in EDMONTON zone.
9:11 of 2nd period - Shot by Jakub Voracek.
9:11 of 2nd period - Shot Blocked by Kris Letang.
9:13 of 2nd period - Shot by Derek Forbort.
9:13 of 2nd period - Stopped by Antti Raanta with a rebound.
9:20 of 2nd period - Icing by Kris Letang.
9:21 of 2nd period - Tyler Johnson wins face-off versus Mika Zibanejad in LOS ANGELES zone.
9:28 of 2nd period - Shot by Tyler Johnson.
9:28 of 2nd period - Stopped by Antti Raanta without a rebound.
9:29 of 2nd period - Nick Bonino wins face-off versus Tyler Johnson in LOS ANGELES zone.
9:51 of 2nd period - Shot by David Perron.
9:51 of 2nd period - Stopped by Antti Raanta without a rebound.
9:52 of 2nd period - Derek Ryan wins face-off versus Vladislav Namestnikov in LOS ANGELES zone.
9:54 of 2nd period - Vincent Hinostroza is hit by Josh Manson and loses puck.
10:03 of 2nd period - Icing by Derek Ryan.
10:04 of 2nd period - Derek Ryan wins face-off versus Jonathan Toews in EDMONTON zone.
10:17 of 2nd period - Shot by Vincent Hinostroza.
10:17 of 2nd period - Shot Blocked by Kris Letang.
10:19 of 2nd period - Shot by Derek Ryan.
10:19 of 2nd period - Shot Blocked by Zdeno Chara.
10:21 of 2nd period - Shot by Vincent Hinostroza.
10:21 of 2nd period - Stopped by Antti Raanta without a rebound.
10:22 of 2nd period - Phil Kessel wins face-off versus Mika Zibanejad in LOS ANGELES zone.
10:34 of 2nd period - Matthew Tkachuk is hit by Anze Kopitar and loses puck.
10:38 of 2nd period - Josh Manson is hit by Oliver Ekman-Larsson and loses puck.
10:42 of 2nd period - Tyler Seguin is hit by Oliver Ekman-Larsson and loses puck.
10:48 of 2nd period - Icing by Anze Kopitar.
10:49 of 2nd period - Jonathan Toews wins face-off versus Anze Kopitar in EDMONTON zone.
10:54 of 2nd period - Shot by Nick Bonino.
10:54 of 2nd period - Stopped by Darcy Kuemper without a rebound.
10:55 of 2nd period - Jonathan Toews wins face-off versus Tyler Johnson in EDMONTON zone.
11:00 of 2nd period - Shot by Mike Hoffman.
11:00 of 2nd period - Shot Misses the Net.
11:16 of 2nd period - Shot by David Perron.
11:16 of 2nd period - Stopped by Antti Raanta without a rebound.
11:17 of 2nd period - Anze Kopitar wins face-off versus Travis Zajac in LOS ANGELES zone.
11:18 of 2nd period - Shot by Phil Kessel.
11:18 of 2nd period - Deflect By Anze Kopitar.
11:18 of 2nd period - Stopped by Antti Raanta without a rebound.
11:19 of 2nd period - Anze Kopitar wins face-off versus Travis Zajac in LOS ANGELES zone.
11:39 of 2nd period - Shot by Artem Anisimov.
11:39 of 2nd period - Stopped by Darcy Kuemper with a rebound.
11:57 of 2nd period - Shot by Travis Zajac.
11:57 of 2nd period - Stopped by Darcy Kuemper without a rebound.
11:58 of 2nd period - Mika Zibanejad wins face-off versus Tyler Johnson in EDMONTON zone.
12:19 of 2nd period - Shot by Tyler Johnson.
12:19 of 2nd period - Deflect By David Perron.
12:19 of 2nd period - Stopped by Antti Raanta without a rebound.
12:20 of 2nd period - Jonathan Toews wins face-off versus Derek Ryan in LOS ANGELES zone.
12:31 of 2nd period - Shot by Mike Hoffman.
12:31 of 2nd period - Deflect By Jonathan Toews.
12:31 of 2nd period - Shot Misses the Net.
12:33 of 2nd period - Shot by Josh Manson.
12:33 of 2nd period - Deflect By Mike Hoffman.
12:33 of 2nd period - Stopped by Darcy Kuemper without a rebound.
12:34 of 2nd period - Mika Zibanejad wins face-off versus Tyler Johnson in EDMONTON zone.
12:47 of 2nd period - Shot by Mika Zibanejad.
12:47 of 2nd period - Shot Misses the Net.
12:49 of 2nd period - Shot by Tyler Seguin.
12:49 of 2nd period - Stopped by Darcy Kuemper without a rebound.
12:50 of 2nd period - Anze Kopitar wins face-off versus Jonathan Toews in EDMONTON zone.
13:28 of 2nd period - Shot by Jonathan Toews.
13:28 of 2nd period - Shot Blocked by Derek Forbort.
13:46 of 2nd period - Shot by Mika Zibanejad.
13:46 of 2nd period - Shot Misses the Net.
13:48 of 2nd period - Shot by Mika Zibanejad.
13:48 of 2nd period - Shot Misses the Net.
13:54 of 2nd period - Shot by Tyler Seguin.
13:54 of 2nd period - Shot Misses the Net.
14:08 of 2nd period - Shot by Matthew Tkachuk.
14:08 of 2nd period - Shot Misses the Net.
14:10 of 2nd period - Shot by Mika Zibanejad.
14:10 of 2nd period - Stopped by Darcy Kuemper with a rebound.
14:16 of 2nd period - Shot by Tyler Seguin.
14:16 of 2nd period - Shot Misses the Net.
15:02 of 2nd period - Minor Penalty to David Perron for Hooking.
15:03 of 2nd period - Jonathan Toews wins face-off versus Derek Ryan in EDMONTON zone.
15:26 of 2nd period - Shot by Nick Bonino.
15:26 of 2nd period - Shot Blocked by Travis Hamonic.
15:28 of 2nd period - Shot by Alex Goligoski.
15:28 of 2nd period - Stopped by Darcy Kuemper with a rebound.
15:56 of 2nd period - Shot by Kris Letang.
15:56 of 2nd period - Deflect By Mika Zibanejad.
15:56 of 2nd period - Shot Misses the Net.
15:58 of 2nd period - Shot by Ryan McDonagh.
15:58 of 2nd period - Shot Blocked by Travis Hamonic.
16:00 of 2nd period - Shot by Mika Zibanejad.
16:00 of 2nd period - Shot Misses the Net.
17:31 of 2nd period - Shot by Vladislav Namestnikov.
17:31 of 2nd period - Shot Blocked by Kyle Palmieri.
17:41 of 2nd period - Shot by Vladislav Namestnikov.
17:41 of 2nd period - Shot Blocked by Carson Soucy.
18:09 of 2nd period - Shot by Nick Cousins.
18:09 of 2nd period - Stopped by Darcy Kuemper without a rebound.
18:10 of 2nd period - Mika Zibanejad wins face-off versus Derek Ryan in EDMONTON zone.
18:11 of 2nd period - Shot by Tyler Seguin.
18:11 of 2nd period - Shot Misses the Net.
18:25 of 2nd period - Icing by Zdeno Chara.
18:26 of 2nd period - Anze Kopitar wins face-off versus Mika Zibanejad in LOS ANGELES zone.
18:42 of 2nd period - Shot by Anze Kopitar.
18:42 of 2nd period - Deflect By Jakub Voracek.
18:42 of 2nd period - Shot Misses the Net.
18:49 of 2nd period - Anze Kopitar is hit by Zdeno Chara and loses puck.
18:53 of 2nd period - Minor Penalty to Alex Goligoski for Hooking.
18:54 of 2nd period - Mika Zibanejad wins face-off versus Anze Kopitar in LOS ANGELES zone.
19:04 of 2nd period - Icing by Anze Kopitar.
19:05 of 2nd period - Mika Zibanejad wins face-off versus Anze Kopitar in EDMONTON zone.
19:23 of 2nd period - Icing by Travis Hamonic.
19:24 of 2nd period - Mika Zibanejad wins face-off versus Anze Kopitar in EDMONTON zone.
19:55 of 2nd period - Shot by David Perron.
19:55 of 2nd period - Stopped by Antti Raanta without a rebound.
19:56 of 2nd period - Mika Zibanejad wins face-off versus Tyler Johnson in LOS ANGELES zone.
Goals for this period are 1 for EDMONTON vs 2 for LOS ANGELES.
Shots for this period are 14 for EDMONTON vs 13 for LOS ANGELES.

3rd period


0:01 of 3rd period - Anze Kopitar wins face-off versus Mika Zibanejad in neutral zone.
0:10 of 3rd period - Shot by Jakub Voracek.
0:10 of 3rd period - Stopped by Antti Raanta with a rebound.
0:12 of 3rd period - Shot by Oliver Ekman-Larsson.
0:12 of 3rd period - Shot Blocked by Ryan McDonagh.
0:14 of 3rd period - Shot by Travis Hamonic.
0:14 of 3rd period - Stopped by Antti Raanta without a rebound.
0:15 of 3rd period - Tyler Johnson wins face-off versus Jonathan Toews in LOS ANGELES zone.
1:41 of 3rd period - Vincent Hinostroza is hit by Gabriel Bourque and loses puck.
1:57 of 3rd period - Minor Penalty to Nick Cousins for Holding.
1:58 of 3rd period - Mika Zibanejad wins face-off versus Anze Kopitar in LOS ANGELES zone.
2:32 of 3rd period - Icing by Phil Kessel.
2:33 of 3rd period - Anze Kopitar wins face-off versus Mika Zibanejad in EDMONTON zone.
3:17 of 3rd period - Shot by Tyler Johnson.
3:17 of 3rd period - Shot Blocked by Ryan McDonagh.
3:47 of 3rd period - Shot by Phil Kessel.
3:47 of 3rd period - Shot Misses the Net.
3:49 of 3rd period - Shot by Justin Holl.
3:49 of 3rd period - Stopped by Antti Raanta without a rebound.
3:50 of 3rd period - Anze Kopitar wins face-off versus Tyler Seguin in LOS ANGELES zone.
3:51 of 3rd period - Shot by Jakub Voracek.
3:51 of 3rd period - Goal by Jakub Voracek - EDMONTON : 3 - LOS ANGELES : 3.
3:52 of 3rd period - Derek Ryan wins face-off versus Travis Zajac in neutral zone.
4:05 of 3rd period - Shot by Vincent Hinostroza.
4:05 of 3rd period - Stopped by Antti Raanta without a rebound.
4:06 of 3rd period - Riley Nash wins face-off versus Mathieu Perreault in LOS ANGELES zone.
4:39 of 3rd period - Icing by Josh Archibald.
4:40 of 3rd period - Mathieu Perreault wins face-off versus Artem Anisimov in EDMONTON zone.
5:00 of 3rd period - Shot by Artem Anisimov.
5:00 of 3rd period - Shot Misses the Net.
5:02 of 3rd period - Shot by Vladislav Namestnikov.
5:02 of 3rd period - Shot Misses the Net.
5:04 of 3rd period - Shot by Travis Zajac.
5:04 of 3rd period - Stopped by Darcy Kuemper without a rebound.
5:05 of 3rd period - Jonathan Toews wins face-off versus Tyler Johnson in EDMONTON zone.
5:16 of 3rd period - Shot by Mike Hoffman.
5:16 of 3rd period - Stopped by Darcy Kuemper without a rebound.
5:17 of 3rd period - Mika Zibanejad wins face-off versus Anze Kopitar in EDMONTON zone.
5:56 of 3rd period - Shot by Anze Kopitar.
5:56 of 3rd period - Stopped by Antti Raanta with a rebound.
6:42 of 3rd period - Minor Penalty to Mike Hoffman for Tripping.
6:43 of 3rd period - Anze Kopitar wins face-off versus Nick Cousins in LOS ANGELES zone.
7:11 of 3rd period - Off-side.
7:12 of 3rd period - Mika Zibanejad wins face-off versus Tyler Johnson in neutral zone.
7:37 of 3rd period - Shot by Oliver Ekman-Larsson.
7:37 of 3rd period - Stopped by Antti Raanta without a rebound.
7:38 of 3rd period - Anze Kopitar wins face-off versus Tyler Seguin in LOS ANGELES zone.
7:39 of 3rd period - Shot by Jason Demers.
7:39 of 3rd period - Stopped by Antti Raanta without a rebound.
7:40 of 3rd period - Anze Kopitar wins face-off versus Mika Zibanejad in LOS ANGELES zone.
7:40 of 3rd period - Anze Kopitar is hit by Zdeno Chara.
7:42 of 3rd period - Shot by Phil Kessel.
7:42 of 3rd period - Stopped by Antti Raanta with a rebound.
7:44 of 3rd period - Shot by Jakub Voracek.
7:44 of 3rd period - Stopped by Antti Raanta without a rebound.
7:45 of 3rd period - Mika Zibanejad wins face-off versus Anze Kopitar in LOS ANGELES zone.
8:04 of 3rd period - Shot by Oliver Ekman-Larsson.
8:04 of 3rd period - Stopped by Antti Raanta without a rebound.
8:05 of 3rd period - Tyler Johnson wins face-off versus Mika Zibanejad in LOS ANGELES zone.
8:11 of 3rd period - Shot by Justin Holl.
8:11 of 3rd period - Shot Blocked by Kris Letang.
9:38 of 3rd period - Off-side.
9:39 of 3rd period - Jonathan Toews wins face-off versus Mathieu Perreault in neutral zone.
9:44 of 3rd period - Shot by Kris Letang.
9:44 of 3rd period - Shot Blocked by Justin Holl.
9:52 of 3rd period - Shot by Darren Helm.
9:52 of 3rd period - Stopped by Antti Raanta without a rebound.
9:53 of 3rd period - Tyler Seguin wins face-off versus Jakub Voracek in LOS ANGELES zone.
11:04 of 3rd period - Shot by Mike Hoffman.
11:04 of 3rd period - Shot Misses the Net.
11:08 of 3rd period - Shot by Nick Bonino.
11:08 of 3rd period - Shot Blocked by Jason Demers.
11:10 of 3rd period - Shot by Kris Letang.
11:10 of 3rd period - Stopped by Darcy Kuemper with a rebound.
11:12 of 3rd period - Shot by Nick Bonino.
11:12 of 3rd period - Stopped by Darcy Kuemper without a rebound.
11:13 of 3rd period - Tyler Johnson wins face-off versus Travis Zajac in EDMONTON zone.
11:13 of 3rd period - Tyler Johnson is hit by Travis Zajac.
11:42 of 3rd period - Off-side.
11:43 of 3rd period - Riley Nash wins face-off versus Derek Ryan in neutral zone.
12:40 of 3rd period - Shot by Jonathan Toews.
12:40 of 3rd period - Shot Misses the Net.
12:42 of 3rd period - Shot by Alex Goligoski.
12:42 of 3rd period - Stopped by Darcy Kuemper without a rebound.
12:43 of 3rd period - Tyler Seguin wins face-off versus Tyler Johnson in EDMONTON zone.
13:08 of 3rd period - Shot by Tyler Seguin.
13:08 of 3rd period - Stopped by Darcy Kuemper without a rebound.
13:09 of 3rd period - Anze Kopitar wins face-off versus Jonathan Toews in EDMONTON zone.
13:09 of 3rd period - Anze Kopitar is hit by Jonathan Toews.
13:12 of 3rd period - Icing by Jakub Voracek.
13:13 of 3rd period - Anze Kopitar wins face-off versus Jonathan Toews in EDMONTON zone.
13:13 of 3rd period - Anze Kopitar is hit by Mike Hoffman.
14:22 of 3rd period - Alex Goligoski is hit by Kyle Palmieri and loses puck.
14:31 of 3rd period - Oliver Ekman-Larsson is hit by Tyler Seguin.
14:51 of 3rd period - Shot by Matthew Tkachuk.
14:51 of 3rd period - Stopped by Darcy Kuemper without a rebound.
14:52 of 3rd period - Travis Zajac wins face-off versus Derek Ryan in EDMONTON zone.
14:56 of 3rd period - Vladislav Namestnikov is hit by Carson Soucy.
15:18 of 3rd period - Shot by Craig Smith.
15:18 of 3rd period - Shot Misses the Net.
15:29 of 3rd period - Artem Anisimov is hit by Vincent Hinostroza and loses puck.
16:23 of 3rd period - Icing by Kris Letang.
16:24 of 3rd period - Riley Nash wins face-off versus Tyler Johnson in LOS ANGELES zone.
17:25 of 3rd period - Icing by Zdeno Chara.
17:26 of 3rd period - Jonathan Toews wins face-off versus Derek Ryan in LOS ANGELES zone.
17:38 of 3rd period - Icing by Derek Forbort.
17:39 of 3rd period - Mika Zibanejad wins face-off versus Derek Ryan in EDMONTON zone.
18:00 of 3rd period - Shot by Tyler Seguin.
18:00 of 3rd period - Shot Blocked by Derek Forbort.
18:02 of 3rd period - Shot by Johnny Boychuk.
18:02 of 3rd period - Shot Blocked by Vincent Hinostroza.
18:04 of 3rd period - Shot by Mika Zibanejad.
18:04 of 3rd period - Stopped by Darcy Kuemper without a rebound.
18:04 of 3rd period - Minor Penalty to Derek Forbort for Hooking.
18:05 of 3rd period - Jonathan Toews wins face-off versus Anze Kopitar in EDMONTON zone.
18:11 of 3rd period - Jonathan Toews is hit by Oliver Ekman-Larsson and loses puck.
18:15 of 3rd period - Jonathan Toews is hit by Oliver Ekman-Larsson and loses puck.
18:32 of 3rd period - Shot by Mike Hoffman.
18:32 of 3rd period - Stopped by Darcy Kuemper without a rebound.
18:33 of 3rd period - Anze Kopitar wins face-off versus Mika Zibanejad in EDMONTON zone.
18:52 of 3rd period - Shot by Mika Zibanejad.
18:52 of 3rd period - Stopped by Darcy Kuemper without a rebound.
18:53 of 3rd period - Anze Kopitar wins face-off versus Jonathan Toews in EDMONTON zone.
19:10 of 3rd period - Shot by Kris Letang.
19:10 of 3rd period - Stopped by Darcy Kuemper without a rebound.
19:11 of 3rd period - Mika Zibanejad wins face-off versus Anze Kopitar in EDMONTON zone.
19:16 of 3rd period - Shot by Mika Zibanejad.
19:16 of 3rd period - Stopped by Darcy Kuemper without a rebound.
19:17 of 3rd period - Anze Kopitar wins face-off versus Mika Zibanejad in EDMONTON zone.
Goals for this period are 1 for EDMONTON vs 0 for LOS ANGELES.
Shots for this period are 12 for EDMONTON vs 12 for LOS ANGELES.

Overtime #1


0:01 of 1st overtime period - Anze Kopitar wins face-off versus Mika Zibanejad in neutral zone.
0:28 of 1st overtime period - Shot by Mike Hoffman.
0:28 of 1st overtime period - Stopped by Darcy Kuemper without a rebound.
0:28 of 1st overtime period - Minor Penalty to Carson Soucy for Tripping.
0:29 of 1st overtime period - Mika Zibanejad wins face-off versus Anze Kopitar in EDMONTON zone.
1:11 of 1st overtime period - Shot by Tyler Seguin.
1:11 of 1st overtime period - Deflect By Mika Zibanejad.
1:11 of 1st overtime period - Goal by Mika Zibanejad - EDMONTON : 3 - LOS ANGELES : 4.
Goals for this period are 0 for EDMONTON vs 1 for LOS ANGELES.
Shots for this period are 0 for EDMONTON vs 2 for LOS ANGELES.